Panthers vs Bruins

Created - Friday, March 25, 2016 at 01:39

Goals
1 2 3 T
Panthers 0 1 0 1
Bruins 2 1 3 6
Shots
1 2 3 T
Panthers 4 13 8 25
Bruins 10 13 8 31

1st period

1. Bruins , Darren Helm 17 (T.J. Oshie, Jeff Petry) at 1:58
2. Bruins , Darren Helm 18 (T.J. Oshie, Anton Lander) at 4:02

Penalties :
Robert Bortuzzo (Fla) for Holding (Minor) at 11:23, Robert Bortuzzo (Fla) for Hooking (Minor) at 17:04

2nd period

3. Bruins , Cody Eakin 14 (Nick Holden, Matt Duchene) at 3:08
4. Panthers , Kevin Hayes 22 (Simon Despres) at 16:34

Penalties :
Brenden Dillon (Bos) for Fighting (Major) at 1:03, Simon Despres (Fla) for Fighting (Major) at 1:03, Semyon Varlamov (Bos) for Delaying the game (Minor) at 2:18 - Shea Weber served the penalty, Adam Larsson (Fla) for Hooking (Minor) at 2:56, Ryan Johansen (Fla) for Slashing (Minor) at 9:08, T.J. Oshie (Bos) for Boarding (Minor) at 11:43, Kevin Hayes (Fla) for Holding (Minor) at 18:53

3rd period

5. Bruins , Leon Draisaitl 4 (Nick Holden, Shea Weber) at 7:08
6. Bruins , Nate Guenin 2 (Tommy Wingels, Jeff Petry) at 12:00 (PP)
7. Bruins , Alex Killorn 16 (Anton Lander) at 13:06 (PP)

Penalties :
Matt Duchene (Bos) for Tripping (Minor) at 3:10, Ryan Johansen (Fla) for Holding (Minor) at 11:08, Simon Despres (Fla) for Interference (Minor) at 12:03, Brenden Dillon (Bos) for Hooking (Minor) at 13:42

Goalie Stats

Kevin Poulin (Fla), 25 saves from 31 shots - (0.806), L, 14-41-0, 60:00 minutes
Semyon Varlamov (Bos), 24 saves from 25 shots - (0.960), W, 27-27-5, 60:00 minutes

Players Stats for Panthers

Player Name              G  A  P  +/- PIM S  H  SB GA TA FO     MP     PP MP  PK MP  
------------------------------------------------------------------------------------
Adam Larsson             0  0  0   0  2   4  2  3  1  3  0/0    22:21   4:28   4:58 
Alex Galchenyuk          0  0  0  -1  0   1  1  1  2  2  0/3    21:27   3:04   7:20 
Alexander Semin          0  0  0   1  0   1  1  0  2  0  0/0    15:26   2:52   0:00 
Brad Boyes               0  0  0   0  0   3  1  0  1  3  3/4    18:05   3:43   3:39 
Calvin de Haan           0  0  0   0  0   1  0  0  0  0  0/0    12:38   0:00   0:00 
Carlo Colaiacovo         0  0  0  -2  0   0  0  0  0  0  0/0     6:43   0:00   2:18 
Charlie Coyle            0  0  0  -1  0   0  2  0  0  0  3/5    12:40   0:00   0:00 
Jakob Silfverberg        0  0  0  -1  0   1  1  1  1  0  0/1    15:52   2:52   0:00 
Kevin Hayes              1  0  1   1  2   5  0  0  1  0  3/9    13:35   0:39   0:17 
Lubomir Visnovsky        0  0  0  -2  0   1  2  0  0  0  0/0    16:53   2:06   0:03 
Nino Niederreiter        0  0  0  -1  0   3  3  0  2  1  0/0    18:37   2:52   1:39 
Paul Byron               0  0  0   1  0   1  0  0  1  0  1/2    14:46   0:00   3:00 
Robert Bortuzzo          0  0  0  -1  4   1  1  2  0  1  0/0    16:34   0:00   3:45 
Ron Hainsey              0  0  0  -1  0   2  1  1  0  3  0/0    26:44   4:29   5:01 
Ryan Johansen            0  0  0  -3  4   1  0  0  1  2  11/20  23:30   3:43   3:49 
Sean Bergenheim          0  0  0  -2  0   0  1  0  0  0  0/1     7:15   0:00   1:14 
Simon Despres            0  1  1   0  7   0  1  0  0  2  0/0    18:50   2:06   4:53 
Vladislav Namestnikov    0  0  0  -2  0   0  1  0  0  0  0/3     6:01   0:00   0:00 

Players Stats for Bruins

Player Name              G  A  P  +/- PIM S  H  SB GA TA FO     MP     PP MP  PK MP  
------------------------------------------------------------------------------------
Alex Killorn             1  0  1  -1  0   1  4  0  1  0  2/5    17:05   4:42   0:25 
Anton Lander             0  2  2   2  0   1  1  0  0  0  5/9    17:42   1:26   1:55 
Anze Kopitar             0  0  0   1  0   1  2  0  0  1  10/18  22:12   4:46   1:38 
Brenden Dillon           0  0  0   0  7   2  1  0  0  0  0/0    15:51   0:00   2:01 
Cody Eakin               1  0  1   0  0   2  3  1  2  1  3/8    21:54   4:42   4:32 
Darren Helm              2  0  2   2  0   5  0  0  4  0  2/2    14:27   0:27   0:36 
Jeff Petry               0  2  2   2  0   1  3  2  0  0  0/0    15:43   3:37   0:00 
Jim Slater               0  0  0   1  0   0  0  0  1  0  4/5     8:12   0:00   0:00 
Jiri Sekac               0  0  0   0  0   0  0  0  0  0  0/0     0:03   0:00   0:00 
Leon Draisaitl           1  0  1   1  0   3  0  0  1  0  0/0     8:12   0:00   0:00 
Matt Duchene             0  1  1   1  2   2  0  0  3  0  0/0    20:55   5:44   3:39 
Mikkel Boedker           0  0  0  -1  0   0  4  0  1  0  0/0    12:20   3:42   0:00 
Mirco Mueller            0  0  0   2  0   1  0  0  0  0  0/0    12:59   0:00   1:06 
Nate Guenin              1  0  1   1  0   5  1  3  0  2  0/0    22:56   3:48   3:07 
Nick Holden              0  2  2   1  0   2  1  1  0  1  0/0    26:55   6:52   3:28 
Shea Weber               0  1  1   0  0   0  2  2  1  0  0/0    26:16   6:52   3:28 
T.J. Oshie               0  2  2   2  2   3  1  0  3  0  1/1    12:47   0:00   0:00 
Tommy Wingels            0  1  1   0  0   2  2  0  8  2  0/0    15:26   5:47   0:25 

3 Stars

1 - Darren Helm (Bos)
2 - Jeff Petry (Bos)
3 - Semyon Varlamov (Bos)

Power Play

Panthers - 0 on 4 Attempt(s) - 0.00%
Bruins - 2 on 7 Attempt(s) - 28.57%

Penalty Kill

Panthers - 5 on 7 Attempt(s) - 71.43% - Score 0 goal in Penalty Kill
Bruins - 4 on 4 Attempt(s) - 100.00% - Score 0 goal in Penalty Kill

Team Stat

Panthers - Hits : 18 - Faceoff Wins : 21 - Blocked Shots : 8 - Penalty Minutes : 19
Bruins - Hits : 25 - Faceoff Wins : 27 - Blocked Shots : 9 - Penalty Minutes : 11

Official

Referees : Unknown
Linesman : Unknown

Game Notes

Brenden Dillon beats up Simon Despres at 1:03 of 2nd period
Mikkel Boedker is injured at 2:47 of 3rd period (Broken Bone (Right Leg))

Finance

Level 1 -- Attendance: 5903 (98.38%) -- Ticket Income $472,240
Level 2 -- Attendance: 4602 (92.04%) -- Ticket Income $243,906
Level 3 -- Attendance: 1851 (92.55%) -- Ticket Income $51,828
Level 4 -- Attendance: 4000 (100.00%) -- Ticket Income $68,000
Luxury Box -- Attendance: 1000 (100.00%) -- Ticket Income $176,000
Game was played at the TD Banknorth Garden.
Total Attendance: 17356 (96.42%)
Total Ticket Income: $1,011,974
Other Income: $495,867
Total Income: $1,507,841

Panthers

5 vs 5 Forward 
   Center                   Left Wing                Right Wing               Time % Phy DF OF 
 1 Ryan Johansen            Alex Galchenyuk          Brad Boyes               35     1   2  2  
 2 Charlie Coyle            Nino Niederreiter        Jakob Silfverberg        30     1   2  2  
 3 Kevin Hayes              Paul Byron               Alexander Semin          22     1   2  2  
 4 Vladislav Namestnikov    Sean Bergenheim          Ryan Johansen            13     1   2  2  

5 vs 5 Defense 
   Defense                  Defense                                           Time % Phy DF OF 
 1 Ron Hainsey              Adam Larsson                                      35     1   2  2  
 2 Calvin de Haan           Simon Despres                                     30     1   2  2  
 3 Lubomir Visnovsky        Robert Bortuzzo                                   22     1   2  2  
 4 Carlo Colaiacovo         Ron Hainsey                                       13     1   2  2  

PowerPlay Forward 
   Center                   Left Wing                Right Wing               Time % Phy DF OF 
 1 Ryan Johansen            Alex Galchenyuk          Brad Boyes               60     1   2  2  
 2 Alexander Semin          Nino Niederreiter        Jakob Silfverberg        40     1   2  2  

PowerPlay Defense
   Defense                  Defense                                           Time % Phy DF OF 
 1 Ron Hainsey              Adam Larsson                                      60     1   2  2  
 2 Lubomir Visnovsky        Simon Despres                                     40     1   2  2  

Penalty Kill 4 Players Forward 
   Center                   Wing                     Time % Phy DF OF 
 1 Ryan Johansen            Alex Galchenyuk          60     1   2  2  
 2 Brad Boyes               Nino Niederreiter        40     1   2  2  

Penalty Kill 4 Players Defense
   Defense                  Defense                  Time % Phy DF OF 
 1 Ron Hainsey              Adam Larsson             60     1   2  2  
 2 Robert Bortuzzo          Simon Despres            40     1   2  2  

Penalty Kill - 3 Players Forward 
   Forward                                           Time % Phy DF OF 
 1 Ryan Johansen                                     60     1   2  2  
 2 Alex Galchenyuk                                   40     1   2  2  

Penalty Kill - 3 Players Defense
   Defense                  Defense                  Time % Phy DF OF 
 1 Ron Hainsey              Adam Larsson             60     1   2  2  
 2 Lubomir Visnovsky        Simon Despres            40     1   2  2  

4 vs 4 Forward 
   Center                   Wing                     Time % Phy DF OF 
 1 Ryan Johansen            Alex Galchenyuk          60     1   2  2  
 2 Brad Boyes               Nino Niederreiter        40     1   2  2  

4 vs 4 Defense
   Defense                  Defense                  Time % Phy DF OF 
 1 Ron Hainsey              Adam Larsson             60     1   2  2  
 2 Carlo Colaiacovo         Simon Despres            40     1   2  2  

Last Minutes Offensive
   Center                   Left Wing                Right Wing               Defense                  Defense                  
   Ryan Johansen            Alex Galchenyuk          Brad Boyes               Ron Hainsey              Adam Larsson             

Last Minutes Defensive
   Center                   Left Wing                Right Wing               Defense                  Defense                  
   Ryan Johansen            Alex Galchenyuk          Brad Boyes               Ron Hainsey              Adam Larsson             

Goaltenders
Starting : Kevin Poulin             
Backup : Robin Lehner             

Extra Forwards
Normal : Alexander Semin, Kevin Hayes, Paul Byron - PP : Alexander Semin, Kevin Hayes - PK : Paul Byron
Extra Defensemen
Normal : Lubomir Visnovsky, Robert Bortuzzo, Carlo Colaiacovo - PP : Lubomir Visnovsky - PK : Robert Bortuzzo, Carlo Colaiacovo
Penalty Shots
Ryan Johansen, Alex Galchenyuk, Brad Boyes, Nino Niederreiter, Paul Byron

Bruins

5 vs 5 Forward 
   Center                   Left Wing                Right Wing               Time % Phy DF OF 
 1 Anze Kopitar             Matt Duchene             Tommy Wingels            35     1   2  2  
 2 Alex Killorn             Cody Eakin               Mikkel Boedker           30     1   2  2  
 3 Anton Lander             Darren Helm              T.J. Oshie               22     1   2  2  
 4 Jim Slater               Leon Draisaitl           Anze Kopitar             13     1   2  2  

5 vs 5 Defense 
   Defense                  Defense                                           Time % Phy DF OF 
 1 Shea Weber               Nick Holden                                       35     1   2  2  
 2 Nate Guenin              Brenden Dillon                                    30     1   2  2  
 3 Jeff Petry               Mirco Mueller                                     22     1   2  2  
 4 Shea Weber               Nick Holden                                       13     1   2  2  

PowerPlay Forward 
   Center                   Left Wing                Right Wing               Time % Phy DF OF 
 1 Anze Kopitar             Matt Duchene             Tommy Wingels            60     1   2  2  
 2 Alex Killorn             Cody Eakin               Mikkel Boedker           40     1   2  2  

PowerPlay Defense
   Defense                  Defense                                           Time % Phy DF OF 
 1 Shea Weber               Nick Holden                                       60     1   2  2  
 2 Nate Guenin              Jeff Petry                                        40     1   2  2  

Penalty Kill 4 Players Forward 
   Center                   Wing                     Time % Phy DF OF 
 1 Cody Eakin               Matt Duchene             60     1   2  2  
 2 Alex Killorn             Tommy Wingels            40     1   2  2  

Penalty Kill 4 Players Defense
   Defense                  Defense                  Time % Phy DF OF 
 1 Shea Weber               Nick Holden              60     1   2  2  
 2 Nate Guenin              Brenden Dillon           40     1   2  2  

Penalty Kill - 3 Players Forward 
   Forward                                           Time % Phy DF OF 
 1 Tommy Wingels                                     60     1   2  2  
 2 Matt Duchene                                      40     1   2  2  

Penalty Kill - 3 Players Defense
   Defense                  Defense                  Time % Phy DF OF 
 1 Shea Weber               Nick Holden              60     1   2  2  
 2 Nate Guenin              Brenden Dillon           40     1   2  2  

4 vs 4 Forward 
   Center                   Wing                     Time % Phy DF OF 
 1 Cody Eakin               Matt Duchene             60     1   2  2  
 2 Alex Killorn             Tommy Wingels            40     1   2  2  

4 vs 4 Defense
   Defense                  Defense                  Time % Phy DF OF 
 1 Shea Weber               Nick Holden              60     1   2  2  
 2 Nate Guenin              Jeff Petry               40     1   2  2  

Last Minutes Offensive
   Center                   Left Wing                Right Wing               Defense                  Defense                  
   Anze Kopitar             Matt Duchene             Tommy Wingels            Shea Weber               Nick Holden              

Last Minutes Defensive
   Center                   Left Wing                Right Wing               Defense                  Defense                  
   Anze Kopitar             Matt Duchene             Tommy Wingels            Shea Weber               Nick Holden              

Goaltenders
Starting : Semyon Varlamov          
Backup : Philipp Grubauer         

Extra Forwards
Normal : Matt Duchene, Anton Lander, Tommy Wingels - PP : Matt Duchene, Anton Lander - PK : Matt Duchene
Extra Defensemen
Normal : Shea Weber, Nick Holden, Nate Guenin - PP : Nick Holden - PK : Shea Weber, Nate Guenin
Penalty Shots
Anton Lander, Matt Duchene, Alex Killorn, Tommy Wingels, Cody Eakin

% Time on Ice - Panthers

Lines # - Real PCT - Wanted PCT - Time Play
Normal Forward
1 - 24% - 35% - 9:54
2 - 34% - 30% - 14:07
3 - 28% - 22% - 11:33
4 - 14% - 13% - 6:01
Normal Defense
1 - 31% - 35% - 12:51
2 - 33% - 30% - 13:38
3 - 28% - 22% - 11:51
4 - 8% - 13% - 3:15
PP Forward
1 - 56% - 60% - 3:43
2 - 44% - 40% - 2:52
PP Defense
1 - 68% - 60% - 4:29
2 - 32% - 40% - 2:06
PK Forward
1 - 84% - 60% - 8:50
2 - 16% - 40% - 1:39
PK Defense
1 - 48% - 60% - 5:01
2 - 52% - 40% - 5:28
PK3 Forward
1 - 0% - 60%
2 - 0% - 40%
PK3 Defense
1 - 0% - 60%
2 - 0% - 40%
44 Forward
1 - 100% - 60% - 1:21
2 - 0% - 40% - 0:00
44 Defense
1 - 85% - 60% - 1:09
2 - 15% - 40% - 0:12
Last Minute Offensive  - 0:00
Last Minute Defensive  - 0:00
Total
Forward - 60:00
Defense - 60:00

% Time on Ice - Bruins

Lines # - Real PCT - Wanted PCT - Time Play
Normal Forward
1 - 21% - 35% - 8:39
2 - 29% - 30% - 11:59
3 - 31% - 22% - 12:45
4 - 20% - 13% - 8:12
Normal Defense
1 - 31% - 35% - 13:04
2 - 35% - 30% - 14:40
3 - 28% - 22% - 11:41
4 - 5% - 13% - 2:10
PP Forward
1 - 55% - 60% - 5:47
2 - 45% - 40% - 4:42
PP Defense
1 - 66% - 60% - 6:52
2 - 34% - 40% - 3:37
PK Forward
1 - 94% - 60% - 6:10
2 - 6% - 40% - 0:25
PK Defense
1 - 53% - 60% - 3:28
2 - 47% - 40% - 3:07
PK3 Forward
1 - 0% - 60%
2 - 0% - 40%
PK3 Defense
1 - 0% - 60%
2 - 0% - 40%
44 Forward
1 - 100% - 60% - 1:21
2 - 0% - 40% - 0:00
44 Defense
1 - 100% - 60% - 1:21
2 - 0% - 40% - 0:00
Last Minute Offensive  - 0:00
Last Minute Defensive  - 0:00
Total
Forward - 60:00
Defense - 60:00

Play by Play

1st period


0:01 of 1st period - Anze Kopitar wins face-off versus Ryan Johansen in neutral zone.
0:18 of 1st period - Wrist shot by Brad Boyes.
0:18 of 1st period - Stopped by Semyon Varlamov without a rebound.
0:19 of 1st period - Ryan Johansen wins face-off versus Anze Kopitar in Bruins zone.
1:23 of 1st period - Wrist shot by Nino Niederreiter.
1:23 of 1st period - Stopped by Semyon Varlamov without a rebound.
1:24 of 1st period - Darren Helm wins face-off versus Charlie Coyle in Bruins zone.
1:24 of 1st period - Darren Helm is hit by Nino Niederreiter.
1:34 of 1st period - Snap shot by T.J. Oshie.
1:34 of 1st period - Stopped by Kevin Poulin with a rebound.
1:36 of 1st period - Slapshot by Jeff Petry.
1:36 of 1st period - Stopped by Kevin Poulin with a rebound.
1:38 of 1st period - Snap shot by Mirco Mueller.
1:38 of 1st period - Stopped by Kevin Poulin with a rebound.
1:58 of 1st period - Snap shot by Darren Helm.
1:58 of 1st period - Goal by Darren Helm - Panthers : 0 - Bruins : 1.
1:59 of 1st period - Anze Kopitar wins face-off versus Kevin Hayes in neutral zone.
2:52 of 1st period - Jakob Silfverberg is hit by Shea Weber and loses puck.
3:17 of 1st period - Jakob Silfverberg is hit by Brenden Dillon and loses puck.
3:24 of 1st period - Mikkel Boedker is hit by Charlie Coyle.
3:42 of 1st period - Slapshot by Darren Helm.
3:42 of 1st period - Shot Blocked by Robert Bortuzzo.
3:44 of 1st period - Snap shot by Darren Helm.
3:44 of 1st period - Stopped by Kevin Poulin with a rebound.
3:46 of 1st period - Slapshot by Anton Lander.
3:46 of 1st period - Stopped by Kevin Poulin with a rebound.
4:00 of 1st period - Wrist shot by Darren Helm.
4:00 of 1st period - Shot Blocked by Robert Bortuzzo.
4:02 of 1st period - Snap shot by Darren Helm.
4:02 of 1st period - Goal by Darren Helm - Panthers : 0 - Bruins : 2.
4:03 of 1st period - Anze Kopitar wins face-off versus Kevin Hayes in neutral zone.
4:20 of 1st period - Snap shot by Kevin Hayes.
4:20 of 1st period - Stopped by Semyon Varlamov without a rebound.
4:21 of 1st period - Kevin Hayes wins face-off versus Anze Kopitar in Bruins zone.
4:28 of 1st period - Wrist shot by Kevin Hayes.
4:28 of 1st period - Stopped by Semyon Varlamov with a rebound.
4:30 of 1st period - Wrist shot by Kevin Hayes.
4:30 of 1st period - Deflect By Alexander Semin.
4:30 of 1st period - Shot Blocked by Nate Guenin.
4:30 of 1st period - Puck is out of play.
4:31 of 1st period - Ryan Johansen wins face-off versus Cody Eakin in Bruins zone.
4:36 of 1st period - Snap shot by Alex Galchenyuk.
4:36 of 1st period - Shot Blocked by Shea Weber.
6:28 of 1st period - Snap shot by Darren Helm.
6:28 of 1st period - Shot Misses the Net.
8:02 of 1st period - Wrist shot by Brad Boyes.
8:02 of 1st period - Shot Misses the Net.
8:04 of 1st period - Slapshot by Calvin de Haan.
8:04 of 1st period - Deflect By Brad Boyes.
8:04 of 1st period - Shot Misses the Net.
8:04 of 1st period - Puck is out of play.
8:05 of 1st period - Darren Helm wins face-off versus Ryan Johansen in Bruins zone.
8:26 of 1st period - Slapshot by T.J. Oshie.
8:26 of 1st period - Shot Blocked by Ron Hainsey.
9:06 of 1st period - Paul Byron is hit by Alex Killorn.
9:40 of 1st period - Simon Despres is hit by Jeff Petry and loses puck.
9:51 of 1st period - Mirco Mueller is hit by Sean Bergenheim and loses puck.
11:23 of 1st period - Minor Penalty to Robert Bortuzzo for Holding.
11:24 of 1st period - Anze Kopitar wins face-off versus Paul Byron in Panthers zone.
12:01 of 1st period - Paul Byron is hit by Cody Eakin and loses puck.
12:15 of 1st period - Wrist shot by Tommy Wingels.
12:15 of 1st period - Shot Blocked by Adam Larsson.
12:53 of 1st period - Cody Eakin is hit by Brad Boyes.
13:15 of 1st period - Paul Byron is hit by Tommy Wingels and loses puck.
13:23 of 1st period - Penalty to Robert Bortuzzo is over, Robert Bortuzzo is back on ice.
13:48 of 1st period - Brenden Dillon is hit by Adam Larsson and loses puck.
14:05 of 1st period - Snap shot by T.J. Oshie.
14:05 of 1st period - Shot Misses the Net.
14:21 of 1st period - Snap shot by Leon Draisaitl.
14:21 of 1st period - Shot Blocked by Jakob Silfverberg.
14:23 of 1st period - Slapshot by Brenden Dillon.
14:23 of 1st period - Deflect By Leon Draisaitl.
14:23 of 1st period - Shot Misses the Net.
14:23 of 1st period - Puck is out of play.
14:24 of 1st period - Kevin Hayes wins face-off versus Anze Kopitar in Panthers zone.
15:14 of 1st period - Wrist shot by Matt Duchene.
15:14 of 1st period - Shot Misses the Net.
15:16 of 1st period - Slapshot by Nick Holden.
15:16 of 1st period - Stopped by Kevin Poulin without a rebound.
15:17 of 1st period - Jim Slater wins face-off versus Sean Bergenheim in Panthers zone.
15:52 of 1st period - Robert Bortuzzo is hit by Jeff Petry.
16:13 of 1st period - Icing by Nick Holden.
16:14 of 1st period - Charlie Coyle wins face-off versus Anton Lander in Bruins zone.
16:32 of 1st period - Snap shot by Kevin Hayes.
16:32 of 1st period - Shot Misses the Net.
16:43 of 1st period - Kevin Hayes is hit by Anze Kopitar and loses puck.
16:53 of 1st period - Off-side.
16:54 of 1st period - Jim Slater wins face-off versus Ryan Johansen in neutral zone.
17:04 of 1st period - Minor Penalty to Robert Bortuzzo for Hooking.
17:05 of 1st period - Ryan Johansen wins face-off versus Cody Eakin in Panthers zone.
18:40 of 1st period - Jeff Petry is hit by Simon Despres and loses puck.
19:04 of 1st period - Penalty to Robert Bortuzzo is over, Robert Bortuzzo is back on ice.
19:28 of 1st period - Icing by Nino Niederreiter.
19:29 of 1st period - Anton Lander wins face-off versus Brad Boyes in Panthers zone.
19:34 of 1st period - Wrist shot by T.J. Oshie.
19:34 of 1st period - Stopped by Kevin Poulin with a rebound.
19:36 of 1st period - Slapshot by Brenden Dillon.
19:36 of 1st period - Stopped by Kevin Poulin with a rebound.
19:43 of 1st period - Icing by Simon Despres.
19:44 of 1st period - Brad Boyes wins face-off versus Jim Slater in Panthers zone.
19:57 of 1st period - Jeff Petry is hit by Adam Larsson.
Goals for this period are 0 for Panthers vs 2 for Bruins.
Shots for this period are 4 for Panthers vs 10 for Bruins.

2nd period


0:01 of 2nd period - Anze Kopitar wins face-off versus Ryan Johansen in neutral zone.
0:26 of 2nd period - Wrist shot by Alex Galchenyuk.
0:26 of 2nd period - Deflect By Brad Boyes.
0:26 of 2nd period - Deflect By Shea Weber.
0:26 of 2nd period - Stopped by Semyon Varlamov with a rebound.
0:28 of 2nd period - Slapshot by Ron Hainsey.
0:28 of 2nd period - Stopped by Semyon Varlamov without a rebound.
0:29 of 2nd period - Kevin Hayes wins face-off versus Alex Killorn in Bruins zone.
0:32 of 2nd period - Snap shot by Alexander Semin.
0:32 of 2nd period - Shot Misses the Net.
0:34 of 2nd period - Wrist shot by Kevin Hayes.
0:34 of 2nd period - Stopped by Semyon Varlamov with a rebound.
0:44 of 2nd period - Wrist shot by Cody Eakin.
0:44 of 2nd period - Stopped by Kevin Poulin without a rebound.
0:45 of 2nd period - Alex Killorn wins face-off versus Kevin Hayes in Panthers zone.
0:56 of 2nd period - Kevin Hayes is hit by Mikkel Boedker and loses puck.
1:03 of 2nd period - Brenden Dillon beats up Simon Despres.
1:03 of 2nd period - Penalty to Brenden Dillon for Fighting.
1:03 of 2nd period - Penalty to Simon Despres for Fighting.
1:04 of 2nd period - Ryan Johansen wins face-off versus Anze Kopitar in Bruins zone.
1:13 of 2nd period - Snap shot by Alex Galchenyuk.
1:13 of 2nd period - Shot Misses the Net.
1:15 of 2nd period - Slapshot by Adam Larsson.
1:15 of 2nd period - Stopped by Semyon Varlamov with a rebound.
1:55 of 2nd period - Mikkel Boedker is hit by Nino Niederreiter and loses puck.
2:16 of 2nd period - Snap shot by Jakob Silfverberg.
2:16 of 2nd period - Deflect By Nino Niederreiter.
2:16 of 2nd period - Stopped by Semyon Varlamov with a rebound.
2:18 of 2nd period - Snap shot by Lubomir Visnovsky.
2:18 of 2nd period - Stopped by Semyon Varlamov without a rebound.
2:18 of 2nd period - Minor Penalty to Semyon Varlamov for Delaying the game.
2:19 of 2nd period - Cody Eakin wins face-off versus Ryan Johansen in Bruins zone.
2:32 of 2nd period - Snap shot by Ryan Johansen.
2:32 of 2nd period - Shot Hit the Post.
2:56 of 2nd period - Minor Penalty to Adam Larsson for Hooking.
2:57 of 2nd period - Cody Eakin wins face-off versus Alex Galchenyuk in Panthers zone.
3:04 of 2nd period - Wrist shot by Cody Eakin.
3:04 of 2nd period - Shot Misses the Net.
3:06 of 2nd period - Wrist shot by Nick Holden.
3:06 of 2nd period - Shot Misses the Net.
3:08 of 2nd period - Snap shot by Cody Eakin.
3:08 of 2nd period - Goal by Cody Eakin - Panthers : 0 - Bruins : 3.
3:09 of 2nd period - Ryan Johansen wins face-off versus Cody Eakin in neutral zone.
3:12 of 2nd period - Nick Holden is hit by Alex Galchenyuk and loses puck.
4:01 of 2nd period - Wrist shot by Matt Duchene.
4:01 of 2nd period - Stopped by Kevin Poulin with a rebound.
4:03 of 2nd period - Slapshot by Nick Holden.
4:03 of 2nd period - Deflect By Alex Galchenyuk.
4:03 of 2nd period - Stopped by Kevin Poulin with a rebound.
4:05 of 2nd period - Slapshot by Nate Guenin.
4:05 of 2nd period - Shot Misses the Net.
4:07 of 2nd period - Slapshot by Nate Guenin.
4:07 of 2nd period - Stopped by Kevin Poulin with a rebound.
4:09 of 2nd period - Slapshot by Nate Guenin.
4:09 of 2nd period - Stopped by Kevin Poulin with a rebound.
4:18 of 2nd period - Penalty to Shea Weber is over, Shea Weber is back on ice.
4:27 of 2nd period - Robert Bortuzzo is hit by Shea Weber and loses puck.
4:56 of 2nd period - Penalty to Adam Larsson is over, Adam Larsson is back on ice.
5:16 of 2nd period - Jeff Petry is hit by Lubomir Visnovsky and loses puck.
5:51 of 2nd period - Lubomir Visnovsky is hit by Jeff Petry and loses puck.
5:59 of 2nd period - Icing by Nino Niederreiter.
6:00 of 2nd period - Anton Lander wins face-off versus Charlie Coyle in Panthers zone.
6:32 of 2nd period - Snap shot by Alexander Semin.
6:32 of 2nd period - Shot Blocked by Cody Eakin.
6:34 of 2nd period - Slapshot by Adam Larsson.
6:34 of 2nd period - Stopped by Semyon Varlamov without a rebound.
6:35 of 2nd period - Anze Kopitar wins face-off versus Kevin Hayes in Bruins zone.
6:46 of 2nd period - Snap shot by Kevin Hayes.
6:46 of 2nd period - Shot Misses the Net.
6:48 of 2nd period - Slapshot by Adam Larsson.
6:48 of 2nd period - Stopped by Semyon Varlamov with a rebound.
7:30 of 2nd period - Adam Larsson is hit by Mikkel Boedker and loses puck.
8:36 of 2nd period - Robert Bortuzzo is hit by T.J. Oshie and loses puck.
9:03 of 2nd period - Wrist shot by Anze Kopitar.
9:03 of 2nd period - Deflect By Leon Draisaitl.
9:03 of 2nd period - Stopped by Kevin Poulin without a rebound.
9:04 of 2nd period - Jim Slater wins face-off versus Ryan Johansen in Panthers zone.
9:08 of 2nd period - Minor Penalty to Ryan Johansen for Slashing.
9:09 of 2nd period - Paul Byron wins face-off versus Anze Kopitar in Panthers zone.
9:09 of 2nd period - Paul Byron is hit by Anze Kopitar.
9:56 of 2nd period - Robert Bortuzzo is hit by Alex Killorn and loses puck.
10:32 of 2nd period - Adam Larsson is hit by Nick Holden and loses puck.
10:57 of 2nd period - Wrist shot by Paul Byron.
10:57 of 2nd period - Deflect By Nate Guenin.
10:57 of 2nd period - Stopped by Semyon Varlamov with a rebound.
11:05 of 2nd period - Paul Byron is hit by Mikkel Boedker and loses puck.
11:08 of 2nd period - Penalty to Ryan Johansen is over, Ryan Johansen is back on ice.
11:34 of 2nd period - Slapshot by Nino Niederreiter.
11:34 of 2nd period - Shot Misses the Net.
11:36 of 2nd period - Slapshot by Robert Bortuzzo.
11:36 of 2nd period - Stopped by Semyon Varlamov with a rebound.
11:38 of 2nd period - Wrist shot by Jakob Silfverberg.
11:38 of 2nd period - Shot Misses the Net.
11:43 of 2nd period - Minor Penalty to T.J. Oshie for Boarding.
11:44 of 2nd period - Cody Eakin wins face-off versus Jakob Silfverberg in Bruins zone.
11:52 of 2nd period - Jakob Silfverberg is hit by Cody Eakin and loses puck.
12:47 of 2nd period - Slapshot by Brenden Dillon.
12:47 of 2nd period - Stopped by Kevin Poulin without a rebound.
12:48 of 2nd period - Ryan Johansen wins face-off versus Anze Kopitar in Panthers zone.
13:10 of 2nd period - Wrist shot by Brad Boyes.
13:10 of 2nd period - Stopped by Semyon Varlamov without a rebound.
13:11 of 2nd period - Brad Boyes wins face-off versus Anton Lander in Bruins zone.
13:43 of 2nd period - Penalty to T.J. Oshie is over, T.J. Oshie is back on ice.
14:09 of 2nd period - Slapshot by Jakob Silfverberg.
14:09 of 2nd period - Stopped by Semyon Varlamov with a rebound.
15:11 of 2nd period - Off-side.
15:12 of 2nd period - Alex Killorn wins face-off versus Vladislav Namestnikov in neutral zone.
15:16 of 2nd period - Icing by Ron Hainsey.
15:17 of 2nd period - Anton Lander wins face-off versus Vladislav Namestnikov in Panthers zone.
15:22 of 2nd period - Slapshot by Darren Helm.
15:22 of 2nd period - Stopped by Kevin Poulin with a rebound.
16:01 of 2nd period - Jim Slater is hit by Ron Hainsey and loses puck.
16:34 of 2nd period - Snap shot by Kevin Hayes.
16:34 of 2nd period - Goal by Kevin Hayes - Panthers : 1 - Bruins : 3.
16:35 of 2nd period - Anton Lander wins face-off versus Alex Galchenyuk in neutral zone.
17:03 of 2nd period - Snap shot by Darren Helm.
17:03 of 2nd period - Stopped by Kevin Poulin with a rebound.
18:22 of 2nd period - Adam Larsson is hit by Tommy Wingels and loses puck.
18:41 of 2nd period - Snap shot by T.J. Oshie.
18:41 of 2nd period - Stopped by Kevin Poulin with a rebound.
18:43 of 2nd period - Slapshot by Nate Guenin.
18:43 of 2nd period - Stopped by Kevin Poulin with a rebound.
18:45 of 2nd period - Slapshot by T.J. Oshie.
18:45 of 2nd period - Shot Misses the Net.
18:47 of 2nd period - Slapshot by Brenden Dillon.
18:47 of 2nd period - Shot Misses the Net.
18:53 of 2nd period - Minor Penalty to Kevin Hayes for Holding.
18:54 of 2nd period - Anze Kopitar wins face-off versus Ryan Johansen in Panthers zone.
19:13 of 2nd period - Snap shot by Anze Kopitar.
19:13 of 2nd period - Stopped by Kevin Poulin with a rebound.
19:35 of 2nd period - Snap shot by Alex Killorn.
19:35 of 2nd period - Shot Misses the Net.
19:59 of 2nd period - Tommy Wingels is hit by Robert Bortuzzo and loses puck.
Goals for this period are 1 for Panthers vs 1 for Bruins.
Shots for this period are 13 for Panthers vs 13 for Bruins.

3rd period


0:01 of 3rd period - Anze Kopitar wins face-off versus Alex Galchenyuk in neutral zone.
0:53 of 3rd period - Penalty to Kevin Hayes is over, Kevin Hayes is back on ice.
0:54 of 3rd period - Adam Larsson is hit by Mikkel Boedker and loses puck.
1:05 of 3rd period - Snap shot by Nino Niederreiter.
1:05 of 3rd period - Stopped by Semyon Varlamov with a rebound.
1:07 of 3rd period - Snap shot by Nino Niederreiter.
1:07 of 3rd period - Shot Misses the Net.
1:09 of 3rd period - Slapshot by Calvin de Haan.
1:09 of 3rd period - Shot Misses the Net.
1:11 of 3rd period - Snap shot by Calvin de Haan.
1:11 of 3rd period - Stopped by Semyon Varlamov with a rebound.
1:13 of 3rd period - Snap shot by Kevin Hayes.
1:13 of 3rd period - Stopped by Semyon Varlamov without a rebound.
1:14 of 3rd period - Anton Lander wins face-off versus Kevin Hayes in Bruins zone.
2:46 of 3rd period - Mikkel Boedker is hit by Charlie Coyle and loses puck.
2:47 of 3rd period - Mikkel Boedker from Bruins is injured at 2:47 of 3rd period (Broken Bone (Right Leg)).
2:48 of 3rd period - Ryan Johansen wins face-off versus Anze Kopitar in Bruins zone.
2:55 of 3rd period - Snap shot by Alex Galchenyuk.
2:55 of 3rd period - Stopped by Semyon Varlamov with a rebound.
3:10 of 3rd period - Minor Penalty to Matt Duchene for Tripping.
3:11 of 3rd period - Ryan Johansen wins face-off versus Cody Eakin in Bruins zone.
4:09 of 3rd period - Cody Eakin is hit by Nino Niederreiter.
5:10 of 3rd period - Penalty to Matt Duchene is over, Matt Duchene is back on ice.
5:40 of 3rd period - Slapshot by Sean Bergenheim.
5:40 of 3rd period - Shot Blocked by Jeff Petry.
6:10 of 3rd period - Snap shot by Kevin Hayes.
6:10 of 3rd period - Shot Blocked by Jeff Petry.
6:52 of 3rd period - Snap shot by Ryan Johansen.
6:52 of 3rd period - Stopped by Semyon Varlamov without a rebound.
6:53 of 3rd period - Jim Slater wins face-off versus Vladislav Namestnikov in Bruins zone.
7:06 of 3rd period - Snap shot by Leon Draisaitl.
7:06 of 3rd period - Shot Misses the Net.
7:08 of 3rd period - Slapshot by Nick Holden.
7:08 of 3rd period - Deflect By Leon Draisaitl.
7:08 of 3rd period - Goal by Leon Draisaitl - Panthers : 1 - Bruins : 4.
7:09 of 3rd period - T.J. Oshie wins face-off versus Kevin Hayes in neutral zone.
7:35 of 3rd period - Wrist shot by T.J. Oshie.
7:35 of 3rd period - Shot Misses the Net.
7:43 of 3rd period - Wrist shot by Darren Helm.
7:43 of 3rd period - Shot Misses the Net.
8:10 of 3rd period - Slapshot by Leon Draisaitl.
8:10 of 3rd period - Stopped by Kevin Poulin with a rebound.
8:12 of 3rd period - Snap shot by Nate Guenin.
8:12 of 3rd period - Deflect By Lubomir Visnovsky.
8:12 of 3rd period - Stopped by Kevin Poulin with a rebound.
8:28 of 3rd period - Brenden Dillon is hit by Alexander Semin and loses puck.
8:53 of 3rd period - Brenden Dillon is hit by Lubomir Visnovsky.
8:59 of 3rd period - Kevin Hayes is hit by Alex Killorn and loses puck.
9:14 of 3rd period - Nino Niederreiter is hit by Nate Guenin and loses puck.
9:21 of 3rd period - Wrist shot by Ron Hainsey.
9:21 of 3rd period - Deflect By Darren Helm.
9:21 of 3rd period - Stopped by Semyon Varlamov with a rebound.
9:55 of 3rd period - Ryan Johansen is hit by Anton Lander and loses puck.
11:02 of 3rd period - Slapshot by Jeff Petry.
11:02 of 3rd period - Shot Blocked by Adam Larsson.
11:08 of 3rd period - Minor Penalty to Ryan Johansen for Holding.
11:09 of 3rd period - Brad Boyes wins face-off versus Alex Killorn in Panthers zone.
11:26 of 3rd period - Slapshot by Brad Boyes.
11:26 of 3rd period - Shot Blocked by Nick Holden.
11:56 of 3rd period - Slapshot by Tommy Wingels.
11:56 of 3rd period - Stopped by Kevin Poulin with a rebound.
11:58 of 3rd period - Wrist shot by Tommy Wingels.
11:58 of 3rd period - Stopped by Kevin Poulin with a rebound.
12:00 of 3rd period - Slapshot by Nate Guenin.
12:00 of 3rd period - Deflect By Kevin Hayes.
12:00 of 3rd period - Goal by Nate Guenin - Panthers : 1 - Bruins : 5.
12:01 of 3rd period - Charlie Coyle wins face-off versus Anton Lander in neutral zone.
12:03 of 3rd period - Minor Penalty to Simon Despres for Interference.
12:04 of 3rd period - Anze Kopitar wins face-off versus Ryan Johansen in Panthers zone.
12:12 of 3rd period - Wrist shot by Tommy Wingels.
12:12 of 3rd period - Deflect By Anze Kopitar.
12:12 of 3rd period - Shot Blocked by Adam Larsson.
12:12 of 3rd period - Puck is out of play.
12:13 of 3rd period - Anze Kopitar wins face-off versus Ryan Johansen in Panthers zone.
12:16 of 3rd period - Wrist shot by Matt Duchene.
12:16 of 3rd period - Stopped by Kevin Poulin without a rebound.
12:17 of 3rd period - Ryan Johansen wins face-off versus Anze Kopitar in Panthers zone.
12:59 of 3rd period - Adam Larsson is hit by Cody Eakin and loses puck.
13:04 of 3rd period - Backhand shot by Anton Lander.
13:04 of 3rd period - Shot Misses the Net.
13:06 of 3rd period - Snap shot by Alex Killorn.
13:06 of 3rd period - Goal by Alex Killorn - Panthers : 1 - Bruins : 6.
13:07 of 3rd period - Charlie Coyle wins face-off versus Anton Lander in neutral zone.
13:35 of 3rd period - Wrist shot by Nino Niederreiter.
13:35 of 3rd period - Shot Blocked by Nate Guenin.
13:37 of 3rd period - Wrist shot by Charlie Coyle.
13:37 of 3rd period - Shot Misses the Net.
13:42 of 3rd period - Minor Penalty to Brenden Dillon for Hooking.
13:43 of 3rd period - Ryan Johansen wins face-off versus Cody Eakin in Bruins zone.
14:47 of 3rd period - Slapshot by Jakob Silfverberg.
14:47 of 3rd period - Shot Blocked by Shea Weber.
14:49 of 3rd period - Slapshot by Simon Despres.
14:49 of 3rd period - Shot Misses the Net.
14:51 of 3rd period - Snap shot by Lubomir Visnovsky.
14:51 of 3rd period - Shot Misses the Net.
14:53 of 3rd period - Slapshot by Jakob Silfverberg.
14:53 of 3rd period - Shot Misses the Net.
15:11 of 3rd period - Snap shot by Alex Galchenyuk.
15:11 of 3rd period - Shot Misses the Net.
15:13 of 3rd period - Wrist shot by Simon Despres.
15:13 of 3rd period - Deflect By Brad Boyes.
15:13 of 3rd period - Shot Misses the Net.
15:13 of 3rd period - Puck is out of play.
15:14 of 3rd period - Ryan Johansen wins face-off versus Alex Killorn in Bruins zone.
15:42 of 3rd period - Penalty to Brenden Dillon is over, Brenden Dillon is back on ice.
15:49 of 3rd period - Snap shot by Tommy Wingels.
15:49 of 3rd period - Shot Misses the Net.
16:04 of 3rd period - Ryan Johansen is hit by Alex Killorn and loses puck.
16:43 of 3rd period - Snap shot by Darren Helm.
16:43 of 3rd period - Shot Blocked by Alex Galchenyuk.
17:41 of 3rd period - Shea Weber is hit by Jakob Silfverberg and loses puck.
19:05 of 3rd period - Snap shot by Alexander Semin.
19:05 of 3rd period - Stopped by Semyon Varlamov with a rebound.
19:07 of 3rd period - Snap shot by Paul Byron.
19:07 of 3rd period - Shot Misses the Net.
19:09 of 3rd period - Slapshot by Adam Larsson.
19:09 of 3rd period - Deflect By Tommy Wingels.
19:09 of 3rd period - Stopped by Semyon Varlamov with a rebound.
19:11 of 3rd period - Slapshot by Ron Hainsey.
19:11 of 3rd period - Shot Blocked by Nate Guenin.
19:31 of 3rd period - Darren Helm is hit by Vladislav Namestnikov and loses puck.
Goals for this period are 0 for Panthers vs 3 for Bruins.
Shots for this period are 8 for Panthers vs 8 for Bruins.